 Dungeon Crawl Stone Soup version 0.22-a0-533-g4d20840 (webtiles) character file.

2975 Mgcat the Cleaver (level 9, -3/74 HPs)
             Began as a Hill Orc Gladiator on June 22, 2018.
             Was an Initiate of Makhleb.
             Slain by a two-headed ogre
             ... wielding a +0 giant spiked club
              (20 damage)
             ... on level 8 of the Dungeon.
             The game lasted 00:19:48 (6926 turns).

Mgcat the Cleaver (Hill Orc Gladiator)              Turns: 6926, Time: 00:19:49

Health: -3/74      AC: 13    Str: 24    XL:     9   Next: 82%
Magic:  9/9        EV: 13    Int:  8    God:    Makhleb [......]
Gold:   355        SH:  0    Dex: 12    Spells: 8/8 levels left

rFire    x . .     SeeInvis +   a - +0 war axe
rCold    . . .     Gourm    .   (no shield)
rNeg     . . .     Faith    .   I - +0 ring mail of Bojut {rF- MR++ SInv}
rPois    .         Spirit   .   c - +2 helmet
rElec    .         Reflect  .   (no cloak)
rCorr    .         Harm     .   (no gloves)
MR       ++...                  (no boots)
Stlth    +.........             (no amulet)
HPRegen  0.22/turn              o - +4 ring of strength
MPRegen  0.11/turn              m - +4 ring of protection

@: no status effects
A: no striking features
a: Renounce Religion


You were on level 8 of the Dungeon.
You worshipped Makhleb.
Makhleb was noncommittal.
You were not hungry.

You visited 2 branches of the dungeon, and saw 9 of its levels.

You collected 355 gold pieces.

Inventory:

Hand Weapons
 a - a +0 war axe (weapon)
 j - a +0 war axe
   (You took it off an orc on level 5 of the Dungeon)
Missiles
 d - 3 throwing nets {=f, !d}
Armour
 c - a +2 helmet (worn)
 x - a +0 chain mail
   (You found it on level 2 of the Dungeon)
 G - a +0 plate armour
   (You found it on level 6 of the Dungeon)
 I - the +0 ring mail of Bojut (worn) {rF- MR++ SInv}
   (You found it on level 6 of the Dungeon)

   It makes you vulnerable to fire.
   It affects your resistance to hostile enchantments.
   It lets you see invisible.
Jewellery
 l - an uncursed ring of ice {rC+, rF-}
   (You found it on level 1 of the Dungeon)
 m - a +4 ring of protection (right hand)
   (You found it on level 1 of the Dungeon)
 o - a +4 ring of strength (left hand)
   (You found it on level 4 of the Dungeon)
 p - an uncursed ring of protection from magic {MR+, !d}
   (You found it on level 1 of the Dungeon)
 v - an uncursed ring of positive energy {rN+}
   (You found it on level 2 of the Dungeon)
Wands
 g - a wand of disintegration (15)
   (You found it on level 7 of the Dungeon)
 y - a wand of enslavement (27)
   (You found it on level 3 of the Dungeon)
 z - a wand of paralysis (25)
   (You found it on level 4 of the Dungeon)
 A - a wand of polymorph (9)
   (You found it on level 4 of the Dungeon)
 J - a wand of acid (9)
   (You found it on level 8 of the Dungeon)
Scrolls
 s - 4 scrolls of teleportation
 w - a scroll of amnesia
 D - 3 scrolls of enchant weapon {unknown}
 F - 2 scrolls of blinking {!r}
 H - 2 scrolls of identify
Potions
 b - 2 potions of curing
 e - 2 potions of magic {unknown}
 h - a potion of might {unknown}
 i - a potion of invisibility {unknown}
 k - 4 potions of lignification {!q}
 n - a potion of agility {unknown}
 q - 6 potions of flight
 r - 2 potions of mutation {!q}
 t - 2 potions of degeneration {unknown}
 u - a potion of berserk rage {unknown}
 B - a potion of brilliance {unknown}
 E - a potion of haste {unknown}
Comestibles
 f - 17 rations


   Skills:
 - Level 5.0 Fighting
 - Level 14.1 Axes
 - Level 1.7 Throwing
 - Level 5.0 Armour
 + Level 4.5 Dodging


You had 8 spell levels left.
You didn't know any spells.
Your spell library contained the following spells:

 Spells                   Type           Power        Failure   Level  Hunger
 Spider Form              Tmut/Pois      #.........   89%         3    ####...
 Blade Hands              Tmut           #.........   100%        5    ######.
 Ice Form                 Ice/Tmut       #.......     100%        4    #####..
 Sticks to Snakes         Tmut           #.......     69%         2    ###....
 Beastly Appendage        Tmut           #.....       54%         1    ##.....


Dungeon Overview and Level Annotations

Branches:
Dungeon (8/15)             Temple (1/1) D:6
   Lair: D:8-11

Altars:
Ashenzari
Cheibriados
Dithmenos
Elyvilon
Fedhas
Gozag
Hepliaklqana
Kikubaaqudgha
Makhleb
Nemelex Xobeh
Okawaru
Qazlal
Ru
Sif Muna
Trog
Uskayaw
Vehumet
Wu Jian
Xom
Yredelemnul
Zin
The Shining One


Message History

You barely miss the scorpion.
The scorpion is almost dead.
The scorpion stings you but does no damage.
You closely miss the scorpion.
The scorpion is almost dead.
The scorpion stings you.
You hit the scorpion but do no damage.
The scorpion is severely wounded.
The scorpion stings you.
You are poisoned.
The scorpion poisons you!
You closely miss the scorpion.
The scorpion is severely wounded.
You feel sick.
The scorpion stings you but does no damage.
You are feeling hungry.
You hit the scorpion but do no damage.
The scorpion is severely wounded.
You feel sick.
You closely miss the scorpion.
The scorpion is severely wounded.
The scorpion stings you but does no damage.
You hit the scorpion.
You kill the scorpion!
Makhleb accepts your kill.
You feel sick.
You feel sick.
There is a stone staircase leading up here.
You feel sick.
You feel sick.
You butcher the black bear corpse.
J - a chunk of flesh {@w0} You see here a black bear skeleton. x2
Eating a chunk of flesh {@w0}.
You eat the chunk of flesh {@w0}.
This raw flesh tastes terrible.
You feel sick.
You feel sick.
You feel sick.
You feel sick.
Magic restored.
You feel sick.
You feel sick.
You feel sick.
You are no longer poisoned.
Found a stone staircase leading down.
f - 17 rations (gained 1)
You see here a long sword.
q - 6 potions of flight (gained 1)
J - a wand of acid (9)
You open the door.
A two-headed ogre comes into view.
It is wielding a giant spiked club and a giant club.
The two-headed ogre shouts in stereo!
Evoke which item? (* to show all) (? for menu, Esc to quit)
Aiming: Paralyse
Press: ? - help, Shift-Dir - straight line, f - two-headed ogre
Aim: a two-headed ogre, wielding a giant spiked club and a giant club (chance to defeat MR: 28%)
Okay, then.
Unknown command.
Unknown command.
Evoke which item? (* to show all) (? for menu, Esc to quit)
Aiming: Disintegrate
Press: ? - help, Shift-Dir - straight line, f - two-headed ogre
Aim: a two-headed ogre, wielding a giant spiked club and a giant club (chance to defeat MR: 48%)
The two-headed ogre is blasted.
Evoke which item? (* to show all) (? for menu, Esc to quit)
Aiming: Disintegrate
Press: ? - help, Shift-Dir - straight line, f/p - two-headed ogre
Aim: a two-headed ogre, wielding a giant spiked club and a giant club (moderately wounded, chance to defeat MR: 48%)
The two-headed ogre resists with some effort.
You barely miss the two-headed ogre.
The two-headed ogre is moderately wounded.
The two-headed ogre hits you with a giant spiked club!!
The two-headed ogre misses you.
You slash the two-headed ogre!
The two-headed ogre is heavily wounded.
You closely miss the two-headed ogre.
The two-headed ogre is heavily wounded.
The two-headed ogre hits you with a giant spiked club!!
The two-headed ogre hits you with a giant club.
You slash the two-headed ogre!
The two-headed ogre is almost dead.
The two-headed ogre hits you with a giant spiked club!!
* * * LOW HITPOINT WARNING * * *
The two-headed ogre closely misses you.
You feel much better.
You hit the two-headed ogre.
The two-headed ogre is almost dead.
The two-headed ogre hits you with a giant spiked club.
* * * LOW HITPOINT WARNING * * *
The two-headed ogre hits you but does no damage.
You barely miss the two-headed ogre.
The two-headed ogre is almost dead.
The two-headed ogre closely misses you.
The two-headed ogre hits you with a giant club.
* * * LOW HITPOINT WARNING * * *
You closely miss the two-headed ogre.
The two-headed ogre is almost dead.
You completely miss the two-headed ogre.
The two-headed ogre is almost dead.
The two-headed ogre hits you with a giant spiked club!!
You die...

# ########
+####.##.## ......#
..........# .....
.......... ...
.####...# #O#
.####...########@##
...........)#.....#
............#.....#
(##...####..##..###
.##...####..##..##
.................+
.........).......#
.##...##...>##...#
. ######....##..##


You could see a two-headed ogre.

Vanquished Creatures
  An unseen horror (D:8)
  Sigmund (D:5)
  Duvessa (D:5)
  A sky beast (D:7)
  A black bear (D:8)
  An ogre (D:6)
  2 phantoms (D:6)
  2 ice beasts
  An eye of draining (D:8)
  3 centaurs
  A bullfrog (D:8)
  Dowan (D:5)
  3 scorpions
  An electric eel (D:6)
  3 crimson imps
  3 howler monkeys (D:8)
  4 hounds
  2 centaur skeletons
  2 orc wizards (D:4)
  A bullfrog skeleton (D:6)
  2 iguanas
  Natasha (D:2)
  7 worker ants
  2 worker ant zombies
  11 adders
  An ooze (D:2)
  An adder zombie (D:6)
  3 worms
  11 dart slugs
  4 leopard geckos
  15 orcs
  5 giant cockroaches
  7 hobgoblins
  8 jackals
  A ball python (D:3)
  10 bats
  5 frilled lizards
  6 goblins
  6 kobolds
  2 leopard gecko skeletons
  A quokka skeleton (D:4)
  6 rats
150 creatures vanquished.

Vanquished Creatures (others)
  A shadow imp (D:6)
1 creature vanquished.

Grand Total: 151 creatures vanquished

Notes
Turn   | Place    | Note
-------+----------+-------------------------------------------
     0 | D:1      | Mgcat the Hill Orc Gladiator began the quest for the Orb.
     0 | D:1      | Reached XP level 1. HP: 18/18 MP: 1/1
    92 | D:1      | Reached XP level 2. HP: 17/25 MP: 2/2
   233 | D:1      | Reached skill level 5 in Axes
   463 | D:1      | Reached XP level 3. HP: 30/30 MP: 3/3
  1042 | D:2      | Reached skill level 6 in Axes
  1263 | D:2      | Reached XP level 4. HP: 31/37 MP: 4/4
  1598 | D:2      | Noticed Natasha
  1616 | D:2      | Killed Natasha
  1736 | D:3      | Reached skill level 7 in Axes
  1982 | D:3      | Found a stormy altar of Qazlal.
  2005 | D:3      | Reached XP level 5. HP: 41/42 MP: 5/5
  2540 | D:4      | Reached skill level 8 in Axes
  2630 | D:4      | Reached XP level 6. HP: 25/50 MP: 6/6
  2642 | D:4      | Reached skill level 9 in Axes
  2985 | D:4      | Reached skill level 10 in Axes
  2985 | D:4      | Reached XP level 7. HP: 46/56 MP: 7/7
  3285 | D:5      | Entered Level 5 of the Dungeon
  3349 | D:5      | Noticed Duvessa
  3350 | D:5      | Noticed Dowan
  3358 | D:5      | HP: 9/56 [Duvessa/rapier of electrocution (18)]
  3366 | D:5      | HP: 1/56 [Duvessa/rapier of electrocution (18)]
  3569 | D:5      | Killed Duvessa
  3578 | D:5      | Reached skill level 11 in Axes
  3586 | D:5      | Killed Dowan
  3876 | D:5      | Noticed Sigmund
  3889 | D:5      | Killed Sigmund
  3889 | D:5      | Reached skill level 12 in Axes
  3889 | D:5      | Reached XP level 8. HP: 51/62 MP: 8/8
  4598 | D:6      | Found a staircase to the Ecumenical Temple.
  4616 | D:6      | Reached skill level 13 in Axes
  4979 | D:6      | Got a spiked ring mail
  4990 | D:6      | Identified the +0 ring mail of Bojut {rF- MR++ SInv} (You found it on level 6 of the Dungeon)
  5078 | D:6      | Reached skill level 14 in Axes
  5391 | Temple   | Entered the Ecumenical Temple
  5521 | Temple   | Became a worshipper of Makhleb the Destroyer
  5716 | D:7      | Reached skill level 3 in Fighting
  5716 | D:7      | Reached XP level 9. HP: 60/71 MP: 9/9
  5874 | D:7      | Reached skill level 4 in Fighting
  5944 | D:7      | Reached skill level 5 in Fighting
  6265 | D:7      | Reached skill level 1 in Armour
  6462 | D:8      | Noticed an unseen horror
  6482 | D:8      | Killed an unseen horror
  6482 | D:8      | Reached skill level 5 in Armour
  6610 | D:8      | Reached skill level 3 in Dodging
  6782 | D:8      | Reached skill level 4 in Dodging
  6915 | D:8      | Noticed a two-headed ogre
  6921 | D:8      | HP: 5/74 [two-headed ogre/giant spiked club (22)]
  6926 | D:8      | Slain by a two-headed ogre

Vault maps used:
D:1:      minmay_arrival_hallway
D:2:      uniq_natasha
D:3:      first_ration, hangedman_decor_growths, eino_tiny_chamber,
          nicolae_qazlal_general_emergency
D:5:      corexii_shack_village, uniq_sigmund, uniq_duvessa
D:6:      kennysheep_slugbush, minmay_temple_entry_mist
D:7:      nicolae_whirlpool
D:8:      serial_shops, shop
Temple:   kilobyte_greek_temple

Skill      XL: |  1  2  3  4  5  6  7  8  9 |
---------------+----------------------------+-----
Axes           | 5 6 7 8 10 12 14 | 14.1
Fighting       | 3 5 |  5.0
Armour         | 5 |  5.0
Dodging        | 4 |  4.5
Throwing       | |  1.7

Action                   |  1- 3 |  4- 6 |  7- 9 || total
-------------------------+-------+-------+-------++-------
Melee: War axe           |    12 |   108 |   288 ||   408
       Hand axe          |    94 |   142 |       ||   236
       Unarmed           |       |       |    15 ||    15
Evoke: Wand              |       |       |     2 ||     2
  Use: Scroll            |     5 |     4 |     2 ||    11
       Potion            |       |     2 |     4 ||     6
 Stab: Sleeping          |     1 |       |       ||     1
  Eat: Chunk             |     1 |     6 |    13 ||    20
Armor: Leather armour    |    16 |       |       ||    16
       Ring mail         |    21 |     5 |    46 ||    72
       Chain mail        |       |   138 |    89 ||   227
       Skin              |       |    20 |     2 ||    22
Dodge: Dodged            |    66 |    94 |   139 ||   299

Table legend:
 A = Spawn XP
 B = Non-spawn XP
 C = Spawn XP percentage of total XP
 D = Spawn monster count
 E = Non-spawn monster count
 F = Spawn count percentage of total count
 G = Total turns spent on level
                    A         B        C        D         E        F      G
               +---------+---------+-------+---------+---------+-------+---------
         Total |       0 |    4250 |   0.0 |       0 |     150 |   0.0 |  6926
               +---------+---------+-------+---------+---------+-------+---------
           D:1 |       0 |      46 |   0.0 |       0 |      25 |   0.0 |   856
           D:2 |       0 |      85 |   0.0 |       0 |      12 |   0.0 |   822
           D:3 |       0 |      63 |   0.0 |       0 |      20 |   0.0 |   835
           D:4 |       0 |     439 |   0.0 |       0 |      27 |   0.0 |   936
           D:5 |       0 |     813 |   0.0 |       0 |      25 |   0.0 |   911
           D:6 |       0 |     853 |   0.0 |       0 |      24 |   0.0 |  1039
           D:7 |       0 |     481 |   0.0 |       0 |       5 |   0.0 |  1003
           D:8 |       0 |    1470 |   0.0 |       0 |      12 |   0.0 |   353
               +---------+---------+-------+---------+---------+-------+---------

Vault maps used:
D:1:      minmay_arrival_hallway
D:2:      uniq_natasha
D:3:      first_ration, hangedman_decor_growths, eino_tiny_chamber,
          nicolae_qazlal_general_emergency
D:5:      corexii_shack_village, uniq_sigmund, uniq_duvessa
D:6:      kennysheep_slugbush, minmay_temple_entry_mist
D:7:      nicolae_whirlpool
D:8:      serial_shops, shop
Temple:   kilobyte_greek_temple

Table legend:
 A = Turns spent in this place as a percentage of turns spent in the entire game.
 B = Non-inter-level travel turns spent in this place as a percentage of non-inter-level travel turns spent in the entire game.
 C = Inter-level travel turns spent in this place as a percentage of turns spent in this place.
 D = Turns resting spent in this place as a percentage of non-inter-level travel turns spent in this place.
 E = Turns spent auto-exploring this place as a percentage of non-inter-level travel turns spent in this place.
 F = Non-inter-level travel turns spent in this place divided by the number of levels of this place that you've seen.
                   A       B       C       D       E      F
               +-------+-------+-------+-------+-------+----------------------
         Total | 100.0 | 100.0 |   5.2 |   4.6 |  74.8 | 729.3
       Dungeon |  97.5 |  98.0 |   4.8 |   4.7 |  74.5 | 804.0
        Temple |   2.5 |   2.0 |  22.8 |   0.0 |  89.4 | 132.0
               +-------+-------+-------+-------+-------+----------------------

Table legend:
 A = Kills in this place as a percentage of kills in entire the game.
 B = Kills by you in this place as a percentage of kills by you in the entire game.
 C = Kills by friends in this place as a percentage of kills by friends in the entire game.
 D = Other kills in this place as a percentage of other kills in the entire game.
 E = Experience gained in this place as a percentage of experience gained in the entire game.
 F = Experience gained in this place divided by the number of levels of this place that you have seen.
                   A       B       C       D       E      F
               +-------+-------+-------+-------+-------+----------------------
         Total | 100.0 | 100.0 |   N/A |   N/A | 100.0 | 472.2
       Dungeon | 100.0 | 100.0 |   N/A |   N/A | 100.0 | 531.2
               +-------+-------+-------+-------+-------+----------------------
